 Dungeon Sprint DCSS version 0.28.0-53-g5a82cb258f (webtiles) character file.

Game seed: 471949259920486588

3955 boopmooplesden the Fencer (level 10, -4/107 HPs)
             Began as a Minotaur Berserker on June 27, 2022.
             Was the Champion of Trog.
             Succumbed to a killer bee's poison
             ... in the Dungeon (Sprint III: "The Ten Rune Challenge").
             The game lasted 00:05:27 (2157 turns).

boopmooplesden the Fencer (Minotaur Berserker)      Turns: 2157, Time: 00:05:28

Health: -4/107     AC:  3    Str: 22    XL:     10   Next: 2%
Magic:  9/9        EV: 16    Int:  4    God:    Trog [******]
Gold:   3872       SH:  0    Dex: 14    Spells: 9/9 levels left

rFire   . . .      SeeInvis .   r - +1 great sword (flame)
rCold   . . .      Faith    .   (shield currently unavailable)
rNeg    . . .      Spirit   .   b - +0 animal skin
rPois   .          Reflect  .   (helmet restricted)
rElec   .          Harm     .   (no cloak)
rCorr   .          Rampage  .   m - +0 pair of gloves
Will    .....      NoTele   +   (no boots)
Stlth   ++........              (no amulet)
HPRegen 0.27/turn               (no ring)
MPRegen 0.11/turn               (no ring)

@: lethally poisoned (-4 -> -28), on berserk cooldown, attractive, slowed, very
slow
A: horns 2, retaliatory headbutt
a: Renounce Religion, Berserk, Trog's Hand, Brothers in Arms


You were in the Dungeon.
You worshipped Trog.
Trog was exalted by your worship.
You visited 1 branch You collected 3872 gold pieces.

Inventory:

Hand Weapons
 a - a +0 falchion
 c - a +3 vorpal triple sword
 d - a +6 scimitar of flaming
 n - a +0 short sword of electrocution
 p - a +2 long sword of holy wrath
 r - a +1 great sword of flaming (weapon)
Armour
 b - a +0 animal skin (worn)
 m - a +0 pair of gloves (worn)
Wands
 j - a wand of flame (9)
Scrolls
 h - a scroll of blinking
Potions
 e - a potion of haste
 f - 2 potions of magic
 g - a potion of berserk rage
 i - 3 potions of mutation
 k - a potion of might
 l - 2 potions of flight
Miscellaneous
 q - a box of beasts


   Skills:
 + Level 16.1 Fighting
 + Level 19.1 Long Blades
 + Level 7.2 Armour
 + Level 9.0 Dodging
 + Level 3.6 Stealth
 + Level 0.5 Evocations


You had 9 spell levels left.
You didn't know any spells.
Your spell library was empty.

Dungeon Overview and Level Annotations

Branches:
Dungeon (1/1)

Altars:
Cheibriados
Dithmenos
Elyvilon
Fedhas
Gozag
Hepliaklqana
Kikubaaqudgha
Makhleb
Nemelex Xobeh
Okawaru
Qazlal
Ru
Sif Muna
Trog
Uskayaw
Vehumet
Wu Jian
Xom
Yredelemnul
Zin
The Shining One
Beogh
Jiyva
Lugonu

Shops:
D :


Innate Abilities, Weirdness & Mutations

You have a pair of horns on your head.
You reflexively headbutt those who attack you in melee.


Message History

You feel the power of Trog in you as your rage grows.
You kill the killer bee!
Trog accepts your kill.
Things that are here:
a +3 vorpal triple sword; a +0 giant spiked club; a +0 robe
c - a +3 vorpal triple sword You feel a strong urge to attack something.
You feel your anger nearly subside.
A killer bee is nearby!
Your blood rage is quickly leaving you.
You are no longer berserk.
You are exhausted.
You feel yourself slow down.
You hit the killer bee. You burn the killer bee.
The killer bee is lightly wounded.
The killer bee closely misses you. The killer bee stings you.
* * * LOW HITPOINT WARNING * * *
You are poisoned.
The killer bee poisons you!
You slash the killer bee! You burn the killer bee.
Your headbutt misses the killer bee.
The killer bee is severely wounded.
You feel very sick. The killer bee misses you. The killer bee stings you!
* * * LOW HITPOINT WARNING * * *
You are lethally poisoned!
The killer bee poisons you! The killer bee stings you.
* * * LOW HITPOINT WARNING * * *
You miss the killer bee.
The killer bee is severely wounded.
* * * LOW HITPOINT WARNING * * *
You feel very sick. The killer bee stings you.
* * * LOW HITPOINT WARNING * * *
The killer bee stings you.
* * * LOW HITPOINT WARNING * * *
You are more poisoned.
The killer bee poisons you!
It was a potion of attraction.
You feel attractive to monsters.
You die...

######.##.##.### _#__#.#...#....+
.#._#......)..## ##)##....)...∩.#
....#...)....#.# ....#......##.##
###'#))##..##..#
#...#)###########################
#...#..))#.#.#..@yy#.^.y..'..y≈≈#
#...##.#).#.##)###)#^.....#
#...'##)#.#.##.#.)##y..^..#
'...#.).#..#..##..'.^.....#
▓▓▓▓▓▓▓▓▓▓▓▓▓▓▓▓▓▓#).^.y^^#
#.^.....# +^......# #.......#
##+######


You could see 2 killer bees.

Vanquished Creatures
  Erolcha (D)
  A deep elf pyromancer (D)
  An orc sorcerer (D)
  A shadow (D)
  2 redbacks (D)
  A spatial vortex (D)
  A necrophage (D)
  5 two-headed ogres (D)
  A water elemental (D)
  10 killer bees (D)
  A jelly (D)
  3 orc priests (D)
  A wizard (D)
  A necromancer (D)
  2 orc wizards (D)
  A kobold demonologist (D)
  3 humans (D)
  A phantom (D)
  6 orcs (D)
  An endoplasm (D)
  A hobgoblin (D)
  3 rats (D)
48 creatures vanquished.

Vanquished Creatures (collateral kills)
  An orc warrior (D)
  4 orcs (D)
5 creatures vanquished.

Grand Total: 53 creatures vanquished

Notes
Turn   | Place    | Note
-------+----------+-------------------------------------------
     0 | D        | boopmooplesden the Minotaur Berserker began the quest for
                  | the Orb.
     0 | D        | Reached XP level 1. HP: 19/19 MP: 0/0
    15 | D        | Reached skill level 4 in Long Blades
    29 | D        | Reached ** piety under Trog
    54 | D        | Reached skill level 5 in Fighting
    54 | D        | Reached skill level 5 in Long Blades
    54 | D        | Reached XP level 2. HP: 29/29 MP: 1/1
   335 | D        | Noticed a water elemental
   340 | D        | Killed a water elemental
   340 | D        | Reached *** piety under Trog
   341 | D        | Reached skill level 7 in Long Blades
   341 | D        | Reached XP level 3. HP: 38/38 MP: 2/2
   341 | D        | Reached XP level 4. HP: 45/45 MP: 3/3
   452 | D        | Found a basalt altar of Yredelemnul.
   452 | D        | Found a shadowy altar of Dithmenos.
   452 | D        | Found a sacrificial altar of Ru.
   452 | D        | Noticed a necrophage
   463 | D        | Killed a necrophage
   464 | D        | Reached skill level 9 in Long Blades
   464 | D        | Reached XP level 5. HP: 21/56 MP: 4/4
   658 | D        | Found a hide-covered altar of Uskayaw.
   658 | D        | Found an iron altar of Okawaru.
   659 | D        | Noticed a human
   659 | D        | Noticed a human
   663 | D        | Killed a human
   664 | D        | Reached skill level 11 in Long Blades
   664 | D        | Reached skill level 5 in Armour
   664 | D        | Reached skill level 5 in Dodging
   664 | D        | Reached XP level 6. HP: 66/66 MP: 5/5
   668 | D        | Killed a human
   668 | D        | Reached **** piety under Trog
   669 | D        | Reached skill level 10 in Fighting
   669 | D        | Reached skill level 12 in Long Blades
   669 | D        | Found a bloodstained altar of Trog.
   669 | D        | Found an ornate altar of the Wu Jian Council.
   849 | D        | Found a glowing silver altar of Zin.
   849 | D        | Found a glowing golden altar of the Shining One.
   849 | D        | Found a white marble altar of Elyvilon.
   850 | D        | Noticed a deep elf pyromancer
   856 | D        | Killed a deep elf pyromancer
   857 | D        | Reached skill level 14 in Long Blades
   857 | D        | Reached XP level 7. HP: 77/77 MP: 6/6
  1006 | D        | Found a radiant altar of Vehumet.
  1009 | D        | Found a shimmering blue altar of Sif Muna.
  1009 | D        | Found an ancient bone altar of Kikubaaqudgha.
  1010 | D        | Noticed a rust devil
  1027 | D        | Noticed a shadow
  1030 | D        | Reached ***** piety under Trog
  1032 | D        | Killed a shadow
  1033 | D        | Reached skill level 15 in Long Blades
  1033 | D        | Reached XP level 8. HP: 42/85 MP: 7/7
  1212 | D        | Found a blossoming altar of Fedhas.
  1212 | D        | Found a stormy altar of Qazlal.
  1213 | D        | Found a snail-covered altar of Cheibriados.
  1213 | D        | Found a burning altar of Makhleb.
  1213 | D        | Found a hazy altar of Hepliaklqana.
  1213 | D        | Found a shimmering altar of Xom.
  1213 | D        | Found an opulent altar of Gozag.
  1213 | D        | Found a sparkling altar of Nemelex Xobeh.
  1213 | D        | Found a corrupted altar of Lugonu.
  1213 | D        | Found a viscous altar of Jiyva.
  1222 | D        | Reached skill level 1 in Stealth
  1354 | D        | Received a gift from Trog
  1545 | D        | Noticed a two-headed ogre
  1548 | D        | Killed a two-headed ogre
  1549 | D        | Reached skill level 16 in Long Blades
  1554 | D        | Noticed Erolcha
  1557 | D        | Killed Erolcha
  1557 | D        | Noticed a two-headed ogre
  1558 | D        | Reached skill level 17 in Long Blades
  1558 | D        | Reached XP level 9. HP: 96/96 MP: 8/8
  1560 | D        | Killed a two-headed ogre
  1566 | D        | Reached skill level 15 in Fighting
  1567 | D        | Reached skill level 18 in Long Blades
  1729 | D        | Received a gift from Trog
  1733 | D        | Noticed an orc sorcerer
  1740 | D        | Noticed an orange demon
  1748 | D        | Noticed a soul eater
  1754 | D        | Noticed a sixfirhy
  1759 | D        | Killed an orc sorcerer
  1759 | D        | Reached ****** piety under Trog
  1779 | D        | Received a gift from Trog
  1806 | D        | Found Oppoug's Book Emporium.
  2132 | D        | Received a gift from Trog
  2143 | D        | Reached skill level 19 in Long Blades
  2145 | D        | Reached XP level 10. HP: 46/107 MP: 9/9
  2156 | D        | HP: 4/107 [killer bee (4)]
  2157 | D        | Succumbed to a killer bee's poison

Illustrated notes

Levels and vault maps discovered:
D:        dungeon_sprint_mu [sprint_mu_entry_cave, sprint_mu_temple_rooms,
          sprint_mu_d1_spiders, sprint_mu_d2_genie, sprint_mu_d3_branching,
          sprint_mu_orc_legion, sprint_mu_elf_gauntlet, sprint_mu_hive_nellie,
          sprint_mu_lair_fedhas, sprint_mu_vaults_butterflies,
          sprint_mu_slime_circle, sprint_mu_shoals_kraken,
          sprint_mu_snake_twists, sprint_mu_blade_basic,
          sprint_mu_crypt_chambers, sprint_mu_tomb_spiral,
          sprint_mu_vestibule_basic, sprint_mu_gehenna_hellfire,
          sprint_mu_dis_giant, sprint_mu_tartarus_statrot,
          sprint_mu_cocytus_islands, sprint_mu_zot1]

Skill      XL: |  1  2  3  4  5  6  7  8  9 |
---------------+----------------------------+-----
Fighting       | 5 6 8 9 12 14 16 | 16.1
Long Blades    | 5 7 9 11 14 15 17 19 | 19.1
Armour         | 3 4 5 6 7 |  7.2
Dodging        | 3 4 5 6 8 9 |  9.0
Stealth        | 2 3 |  3.6
Evocations     | |  0.5

Action                   |  1- 3 |  4- 6 |  7- 9 | 10-12 || total
-------------------------+-------+-------+-------+-------++-------
Melee: Falchion          |    16 |    27 |       |       ||    43
       Headbutt          |     1 |     5 |    16 |     1 ||    23
       Long sword        |       |       |    15 |       ||    15
       Great sword       |       |       |    55 |     5 ||    60
Invok: Berserk           |     2 |     3 |     4 |       ||     9
       Trog's Hand       |       |       |     1 |       ||     1
Evoke: Wand              |       |       |     1 |       ||     1
       Box of beasts     |       |       |     1 |       ||     1
  Use: Scroll            |     4 |       |       |       ||     4
       Potion            |       |       |     4 |     1 ||     5
 Stab: Sleeping          |       |       |     1 |       ||     1
Armor: Animal skin       |     1 |     1 |     7 |       ||     9
Dodge: Dodged            |     8 |     5 |    51 |     3 ||    67
